 Dungeon Crawl Stone Soup version 0.30.1-4-g462c640d31 (webtiles) character file.

Game seed: 3369991555100272606

66 ChiefBigBeans the Ducker (level 4, -4/34 HPs)
             Began as a Merfolk Gladiator on Sept 7, 2023.
             Was an Initiate of Makhleb.
             Killed from afar by Ijyb (10 damage)
             ... with a puff of flame
             ... on level 3 of the Dungeon.
             The game lasted 00:05:59 (1425 turns).

ChiefBigBeans the Ducker (Merfolk Gladiator)        Turns: 1425, Time: 00:06:00

Health: -4/34      AC:  3    Str: 14    XL:     4   Next: 15%
Magic:  4/4        EV: 14    Int:  7    God:    Makhleb [......]
Gold:   42         SH:  0    Dex: 19    Spells: 3/3 levels left

rFire   . . .        i - +0 short sword (elec)
rCold   . . .        (no shield)
rNeg    . . .        b - +0 leather armour
rPois   .            (helmet restricted)
rElec   .            (no cloak)
rCorr   .            (no gloves)
SInv    .            (no boots)
Will    .....        (no amulet)
Stlth   +++          (no ring)
HPRegen 0.25/turn    (no ring)
MPRegen 0.09/turn

%: no passive effects
@: no status effects
A: (nimble swimmer 2), mertail, antennae 1, thin skeletal structure 1
a: Renounce Religion


You were on level 3 of the Dungeon.
You worshipped Makhleb.
Makhleb was noncommittal.
You visited 1 branch of the dungeon, and saw 3 of its levels.

You collected 42 gold pieces.

Inventory:

Hand Weapons
 a - a +0 trident
 h - a +1 falchion of holy wrath
 i - a +0 short sword of electrocution (weapon)
Armour
 b - a +0 leather armour (worn)
 c - a +0 helmet
Wands
 l - a wand of digging (2)
Scrolls
 d - a scroll of enchant weapon {unknown}
 e - a scroll of noise {unknown}
 g - 3 scrolls of silence
 k - a scroll of teleportation


   Skills:
 + Level 2.8 Fighting
 + Level 1.6 Short Blades
 - Level 4.0 Polearms
 + Level 2.5 Throwing
 + Level 4.6 Dodging
 + Level 1.6 Stealth


You had 3 spell levels left.
You didn't know any spells.
Your spell library contained the following spells:

 Spells                   Type           Power      Damage    Failure   Level
 Apportation              Tloc           0%         N/A       52%         1
 Necrotise                Necr           0%         1d4       52%         1
 Sting                    Tmut/Pois      0%         1d3       52%         1
 Summon Small Mammal      Summ           0%         N/A       52%         1
 Poisonous Vapours        Pois/Air       0%         N/A       65%         2
 Dazzling Flash           Conj/Hex       0%         N/A       87%         3
 Olgreb's Toxic Radiance  Pois           0%         N/A       99%         4
 Agony                    Necr           0%         N/A       100%        5
 Silence                  Hex/Air        0%         N/A       100%        5


Dungeon Overview and Level Annotations

Branches:
Dungeon (3/15)

Altars:
Makhleb

Annotations:
D:3 Ijyb


Innate Abilities, Weirdness & Mutations

((You are very nimble when in or above water. (Stealth+, EV+, Speed+++)))
Your lower body shifts to a powerful aquatic tail in water.
You have a pair of small antennae on your head.
You have a somewhat thin skeletal structure. (Dex +2, Stealth+)


Message History

You climb downwards.
Found a scroll labelled BUOPHY FYKLATA.
There is a stone staircase leading up here.
d - a scroll labelled BUOPHY FYKLATA
e - a scroll labelled IDGHOO NIRO An orc comes into view.
It is wielding a +0 dagger.
Nothing quivered!
Ijyb the Twisted Goblin comes into view.
She is wielding a +3 spectral club and carrying a wand of flame (25).
Ijyb shouts!
You hear a shout!
You barely miss Ijyb. Ijyb closely misses you.
You hit Ijyb.
Ijyb is lightly wounded.
You hit Ijyb but do no damage.
Ijyb is lightly wounded.
Ijyb zaps a wand.
The puff of flame hits you!
You barely miss Ijyb.
Ijyb is lightly wounded.
Ijyb misses you.
You hit Ijyb but do no damage.
Ijyb is lightly wounded.
Ijyb hits you with a +3 spectral club.
You hit Ijyb.
Ijyb is lightly wounded.
Ijyb zaps a wand.
The puff of flame hits you!
You are too injured to fight recklessly!
You are too injured to fight recklessly!
You are too injured to fight recklessly!
You are too injured to fight recklessly!
You are too injured to fight recklessly!
You closely miss Ijyb.
Ijyb is lightly wounded.
Ijyb hits you with a +3 spectral club!
* * * LOW HITPOINT WARNING * * *
You closely miss Ijyb.
Ijyb is lightly wounded.
Ijyb barely misses you.
You hit Ijyb but do no damage. Lightning courses through Ijyb!
Ijyb is heavily wounded.
Ijyb zaps a wand.
The puff of flame hits you!
You die...

####### ......#
#####......# #..........#
#.# ###### .## #@# #.....
....######g# #.....
.........#.###########.....
...........................
o........#############.....
.........# #.....
.........# ##....
##.####..# #.### .. ....
#.###


You could see Ijyb.

Vanquished Creatures
  Terence (D:2)
  An adder (D:2)
  A worm (D:2)
  A dart slug (D:2)
  4 endoplasms
  3 giant cockroaches
  2 goblins (D:1)
  4 hobgoblins
  A quokka (D:1)
  4 bats
  3 kobolds
  2 rats
27 creatures vanquished.

Notes
Turn   | Place    | Note
-------+----------+-------------------------------------------
     0 | D:1      | ChiefBigBeans the Merfolk Gladiator began the quest for the
                  | Orb.
     0 | D:1      | Reached XP level 1. HP: 16/16 MP: 1/1
   132 | D:1      | Reached XP level 2. HP: 23/23 MP: 2/2
   469 | D:1      | You fall into a shaft and drop 1 floor!
   501 | D:2      | Reached skill level 1 in Stealth
   642 | D:2      | Noticed Terence
   733 | D:2      | Found a burning altar of Makhleb.
   747 | D:2      | Became a worshipper of Makhleb the Destroyer
   904 | D:1      | Reached skill level 1 in Short Blades
   904 | D:1      | Reached XP level 3. HP: 24/28 MP: 3/3
  1182 | D:2      | Killed Terence
  1183 | D:2      | Reached XP level 4. HP: 28/34 MP: 4/4
  1303 | D:2      | Gained mutation: You have a pair of small antennae on your
                  | head. [potion of mutation]
  1303 | D:2      | Gained mutation: You have a somewhat thin skeletal
                  | structure. (Dex +2, Stealth+) [potion of mutation]
  1406 | D:3      | Noticed Ijyb
  1425 | D:3      | Killed from afar by Ijyb

Illustrated notes

Levels and vault maps discovered:
D:1:      doesnt_arrival_eight_statues, layout_loops_ring, minmay_tiny_reverse_x
D:2:      layout_rooms, basic_altar, serial_park_tiny_2, roderic_malta_cross,
          minmay_fountain_box, uniq_terence
D:3:      layout_rooms, serial_shops, shop, uniq_ijyb, uniq_jessica

Skill      XL: |  1  2 |
---------------+-------+-----
Stealth        | 1 |  1.6
Short Blades   | 1 |  1.6
Fighting       | |  2.8
Polearms       | |  4.0
Throwing       | |  2.5
Dodging        | |  4.6

Action                     |  1- 3 |  4- 6 || total
---------------------------+-------+-------++-------
  Melee: Short sword       |    45 |    15 ||    60
         Trident           |     6 |       ||     6
  Throw: Throwing net      |     4 |       ||     4
         Javelin           |     2 |       ||     2
         Boomerang         |    33 |       ||    33
    Use: Scroll            |       |     5 ||     5
         Potion            |       |     3 ||     3
   Stab: Held in net/web   |     1 |       ||     1
 Armour: Leather armour    |    11 |       ||    11
  Dodge: Dodged            |    28 |     5 ||    33
